 Dungeon Crawl Stone Soup version 0.30-a0-368-g86fb4627a9 (webtiles) character file.

Game seed: 3223368975247605294

101 illnessss the Trooper (level 4, 0/41 HPs)
             Began as a Hill Orc Fighter on Nov 20, 2022.
             Succumbed to a scorpion's poison
             ... on level 4 of the Dungeon.
             The game lasted 00:05:22 (1064 turns).

illnessss the Trooper (Hill Orc Fighter)            Turns: 1064, Time: 00:05:23

Health: 0/41       AC:  7    Str: 20    XL:     4   Next: 75%
Magic:  4/4        EV:  9    Int:  8    God:
Gold:   76         SH:  4    Dex: 10    Spells: 3/3 levels left

rFire   + . .      SeeInvis .    a - +0 war axe
rCold   x . .      Faith    .    c - +0 buckler
rNeg    . . .      Spirit   .    b - +0 scale mail
rPois   .          Reflect  .    (no helmet)
rElec   .          Harm     .    (no cloak)
rCorr   .          Rampage  .    (no gloves)
Will    .....                    (no boots)
Stlth   ..........               (no amulet)
HPRegen 0.26/turn                e - ring of fire
MPRegen 0.09/turn                (no ring)

@: lethally poisoned (0 -> -10)
A: no striking features
a: no special abilities


You were on level 4 of the Dungeon.
You visited 1 branch of the dungeon, and saw 4 of its levels.

You collected 76 gold pieces.

Inventory:

Hand Weapons
 a - a +0 war axe (weapon)
Armour
 b - a +0 scale mail (worn)
 c - a +0 buckler (worn)
 f - a +0 leather armour
 i - a +0 ring mail
 k - a +0 leather armour
Jewellery
 e - a ring of fire (left hand)
Wands
 p - a wand of flame (19)
 s - a wand of iceblast (5)
Scrolls
 h - 3 scrolls of identify {unknown}
 j - a scroll of poison {unknown}
 l - a scroll of teleportation {unknown}
 n - a scroll of brand weapon {unknown}
 r - a scroll of immolation {unknown}
Potions
 d - a potion of might
 g - a potion of brilliance {unknown}
 m - 2 potions of cancellation {unknown}
 o - a potion of haste {unknown}
 q - a potion of attraction {unknown}


   Skills:
 + Level 4.5 Fighting
 + Level 4.0 Axes
 + Level 3.8 Armour
 + Level 0.2 Dodging
 + Level 4.0 Shields


You had 3 spell levels left.
You didn't know any spells.
Your spell library contained the following spells:

 Spells                   Type           Power      Damage    Failure   Level
 Summon Small Mammal      Summ           0%         N/A       85%         1
 Call Canine Familiar     Summ           0%         N/A       99%         3
 Inner Flame              Hex/Fire       0%         N/A       99%         3
 Summon Guardian Golem    Hex/Summ       0%         N/A       99%         3
 Cause Fear               Hex            0%         N/A       100%        4
 Discord                  Hex            0%         N/A       100%        8


Dungeon Overview and Level Annotations

Branches:
Dungeon (4/15)
 Temple: D:4-7

Altars:


Message History

The scorpion barely misses you.
You hear an angry hiss.
You hear a shout! x5
Unknown command.
Unknown command.
You closely miss the howler monkey.
The howler monkey is heavily wounded.
You closely miss the scorpion. You closely miss the phantom.
The phantom hits you but does no damage.
The howler monkey barely misses you.
The scorpion stings you but does no damage.
The phantom hits you.
The phantom blinks!
You blink. 2 lemures and an iguana come into view.
A giant cockroach comes into view.
The lemure shouts!
You hear a shout!
The lemure attacks as you move away! The lemure hits you!
The phantom barely misses you.
You hit the ufetubus.
The ufetubus is heavily wounded.
You barely miss the scorpion. You closely miss the phantom. You hit the lemure.
The ufetubus hits you but does no damage.
The ufetubus barely misses you. You block the scorpion's attack.
The ufetubus barely misses you. The ufetubus hits you. The phantom hits you.
The lemure hits you!
* * * LOW HITPOINT WARNING * * *
Unknown command.
You block the ufetubus's attack.
The ufetubus hits you but does no damage.
The scorpion stings you.
* * * LOW HITPOINT WARNING * * *
You are lethally poisoned!
The scorpion poisons you! The lemure hits you.
* * * LOW HITPOINT WARNING * * *
The ufetubus barely misses you. The ufetubus hits you.
* * * LOW HITPOINT WARNING * * *
A quokka comes into view.
The scorpion closely misses you.
The howler monkey hoots and howls with incredible vigour!
You hear a shout! x2
You barely miss the phantom. You miss the ufetubus.
You closely miss the scorpion. You hit the howler monkey. You slash the lemure!
You die...

#... #... #...#
## #.... .#
##....####.# #
......B.....##.#
......l....r..#
......5W55.#....
###....s@...# #
......h#####
.#...#. #...#.
#..$#.# #########
###.#.#
........#.###.#.#
#######.#.......#
. #
#.#####.###....


You could see 2 lemures, a phantom, a scorpion, a howler monkey (catching
breath), an iguana, an ufetubus, a quokka and a giant cockroach.

Vanquished Creatures
  Jessica (D:2)
  4 adders
  A worm (D:3)
  A bat (D:3)
  4 endoplasms
  4 giant cockroaches (D:2)
  3 goblins (D:2)
  3 hobgoblins
  4 kobolds
  A quokka (D:3)
  6 ball pythons
  2 frilled lizards (D:3)
  A rat (D:2)
35 creatures vanquished.

Notes
Turn   | Place    | Note
-------+----------+-------------------------------------------
     0 | D:1      | illnessss the Hill Orc Fighter began the quest for the Orb.
     0 | D:1      | Reached XP level 1. HP: 19/19 MP: 1/1
   118 | D:2      | Reached XP level 2. HP: 27/27 MP: 2/2
   171 | D:2      | Reached XP level 3. HP: 33/33 MP: 3/3
   297 | D:2      | Noticed Jessica
   315 | D:2      | HP: 1/33 [Jessica/+1 dagger of protection (6)]
   319 | D:2      | Killed Jessica
   320 | D:2      | Reached XP level 4. HP: 3/41 MP: 4/4
  1053 | D:4      | Noticed a scorpion
  1053 | D:4      | Noticed a phantom
  1059 | D:4      | Noticed a lemure
  1059 | D:4      | Noticed a lemure
  1064 | D:4      | Succumbed to a scorpion's poison

Illustrated notes

Levels and vault maps discovered:
D:1:      nzn_arrival_water_spiral, layout_loops_corners,
          chequers_ecumenical_altar_simple
D:2:      layout_rooms, minmay_worlds_worst_comb, uniq_jessica
D:3:      minmay_spotlight, layout_basic
D:4:      layout_loops_cross, uniq_pikel

Skill      XL: |  1  2  3  4 |
---------------+-------------+-----
Fighting       | 4 |  4.5
Axes           | 3 4 |  4.0
Shields        | 4 |  4.0
Armour         | |  3.8
Dodging        | |  0.2

Action                   |  1- 3 |  4- 6 || total
-------------------------+-------+-------++-------
Melee: War axe           |    39 |    55 ||    94
Armor: Scale mail        |    18 |    31 ||    49
Dodge: Dodged            |    20 |    34 ||    54
Block: Buckler           |    12 |    13 ||    25

Table legend: (Time is in decaauts)
 A = Elapsed time spent in this place.
 B = Non-inter-level travel time spent in this place.
 C = Inter-level travel time spent in this place.
 D = Time resting spent in this place.
 E = Time spent auto-exploring this place.
 F = Levels seen in this place.
 G = Mean time per level.
                   A        B        C        D        E       F      G
               +--------+--------+--------+--------+--------+-----+--------+
         Total |   1097 |   1094 |      3 |      0 |    422 |   4 |  274.2 |
       Dungeon |   1097 |   1094 |      3 |      0 |    422 |   4 |  274.2 |
               +--------+--------+--------+--------+--------+-----+--------+

Top non-repeatable levels by time:
     D:2: 631 daAuts
     D:3: 362 daAuts
     D:4: 98 daAuts
     D:1: 5 daAuts
